Map: Lightshade LE

Players

SortOf

  • Race: Zerg Zerg
  • League: Master

Lambo - Winner!

  • Race: Zerg Zerg
  • League: Grandmaster

Event: DreamHack SC2 Masters 2021 Summer

VOD

Have the link to the VOD?

Description

Time

  • Played on: May 20, 2021, 11:27 a.m.
  • Length: 7:28

All games in this series

Show
View Real Time Build Order
Export as new Build Order

SortOf Zerg 

Build Orders: Hatch First 

Get SALT Encoding   

  12  0:00  Drone  
  13  0:12  Overlord  
  13  0:16  Drone  
  14  0:30  Drone  
  14  0:31  Drone  
  16  0:47  Hatchery  
  15  0:51  Drone  
  15  0:54  Drone  
  17  0:58  Drone  
  18  1:09  Extractor  
  17  1:13  Spawning Pool  
  17  1:16  Drone  
  17  1:19  Drone  
  18  1:28  Drone  
  19  1:45  Drone  
  20  1:49  Drone  
  21  1:59  Queen x2  
  21  2:00  Overlord  
  25  2:01  Zergling x2  
  26  2:11  Metabolic Boost  
  26  2:12  Drone x2  
  28  2:21  Drone  
  28  2:22  Drone  
  30  2:34  Hatchery  
  29  2:39  Drone x2  
  31  2:46  Overlord  
  31  2:49  Drone  
  32  2:52  Drone  
  32  2:56  Drone  
  34  3:01  Evolution Chamber  
  33  3:06  Drone x2  
  33  3:09  Drone x3  
  33  3:12  Overlord  
  38  3:15  Zergling x4  
  40  3:21  Drone  
  41  3:27  Drone x2  
  41  3:30  Roach Warren  
  41  3:33  Zerg Ground Armor Level 1  
  42  3:40  Queen  
  44  3:42  Drone x2  
  44  3:45  Overlord  
  46  3:49  Extractor, Drone x2  
  46  3:51  Drone  
  46  3:54  Overlord  
  48  3:59  Drone x2  
  50  4:07  Drone x2  
  50  4:08  Overlord  
  50  4:09  Drone x2  
  54  4:12  Roach x2  
  54  4:17  Roach  
  60  4:18  Roach  
  60  4:21  Roach  
  64  4:24  Overlord  
  64  4:28  Roach x2  
  64  4:30  Overlord  
  68  4:36  Overlord  
  67  4:40  Roach x3  
  73  4:46  Extractor  
  73  4:47  Drone x2, Extractor  
  73  4:48  Overlord  
  73  4:51  Roach x2  
  77  4:55  Roach  
  77  4:57  Roach  
  81  5:02  Roach  
  81  5:05  Roach x2  
  87  5:13  Overlord  
  86  5:15  Roach x2  
  86  5:16  Roach  
  86  5:19  Overlord  
  93  5:21  Roach x2  
  93  5:26  Zergling x10  
  100  5:32  Zergling x8  
  104  5:35  Overlord  
  104  5:41  Zergling x6  
  107  5:50  Zergling x2, Roach x2  
  107  5:54  Zergling x4  
  107  5:55  Ravager x2  
  116  6:07  Overlord, Roach  
  116  6:08  Zergling x12  
  123  6:11  Ravager x2  
  123  6:17  Zergling x8  
  128  6:25  Ravager  
  127  6:26  Zergling x4  
  127  6:27  Zergling x6  
  127  6:28  Zergling x2, Ravager x2  
  134  6:33  Zergling x8  
  137  6:44  Zergling x8  
  131  6:48  Zergling x4  
  126  6:54  Zergling x2  
  126  6:55  Zergling x2  
  108  7:02  Roach  
  108  7:06  Roach x2  
Show
View Real Time Build Order
Export as new Build Order

Lambo Zerg - Winner!

Build Orders: Hatch First 

Get SALT Encoding   

  12  0:00  Drone  
  13  0:12  Overlord  
  13  0:17  Drone  
  14  0:31  Drone x2  
  16  0:47  Hatchery  
  15  0:51  Drone  
  15  0:54  Drone  
  17  1:08  Spawning Pool  
  17  1:11  Drone  
  17  1:14  Drone  
  17  1:17  Extractor  
  17  1:19  Drone  
  18  1:29  Drone  
  19  1:40  Drone  
  20  1:49  Drone  
  21  1:58  Queen  
  21  1:59  Drone, Queen  
  21  2:00  Overlord  
  26  2:10  Drone  
  26  2:11  Drone  
  28  2:21  Drone  
  28  2:22  Drone  
  30  2:31  Drone  
  30  2:32  Drone  
  30  2:34  Queen  
  30  2:35  Lair  
  34  2:46  Evolution Chamber  
  34  2:47  Drone, Overlord  
  34  2:53  Drone  
  34  2:57  Drone, Roach Warren  
  35  3:03  Drone  
  36  3:08  Drone x5  
  36  3:10  Drone  
  42  3:15  Zerg Missile Weapons Level 1  
  42  3:16  Drone  
  42  3:19  Overlord  
  43  3:22  Drone  
  43  3:24  Extractor  
  43  3:25  Extractor  
  42  3:27  Drone  
  42  3:30  Drone  
  42  3:32  Evolution Chamber  
  43  3:36  Glial Reconstitution  
  43  3:38  Drone x2  
  43  3:39  Drone  
  46  3:42  Drone x2  
  46  3:45  Overlord  
  48  3:52  Drone  
  48  3:54  Drone  
  48  3:55  Overlord, Roach  
  52  4:05  Roach x2  
  56  4:10  Roach x2  
  60  4:21  Roach  
  60  4:22  Roach  
  64  4:29  Overlord  
  64  4:33  Extractor  
  63  4:42  Drone x3, Hatchery  
  63  4:43  Drone x2  
  63  4:44  Overseer  
  67  4:46  Drone  
  67  4:49  Zerg Ground Armor Level 1, Roach x2  
  67  4:52  Overlord  
  72  4:53  Roach x2  
  72  4:59  Overlord  
  76  5:03  Overlord  
  76  5:07  Overlord  
  76  5:12  Zerg Missile Weapons Level 2  
  76  5:15  Roach x3  
  76  5:18  Overlord  
  76  5:19  Roach  
  84  5:26  Drone x2  
  84  5:27  Drone x2  
  88  5:33  Overlord  
  88  5:41  Roach x2  
  92  5:50  Roach  
  92  5:51  Roach x3  
  100  5:59  Roach x4  
  108  6:08  Roach x4  
  108  6:09  Queen  
  118  6:13  Overlord  
  118  6:14  Ravager, Overlord  
  118  6:15  Ravager  
  118  6:16  Roach x2  
  118  6:17  Roach  
  126  6:23  Roach x2  
  130  6:27  Overlord  
  130  6:35  Overlord  
  130  6:36  Roach x4  
  138  6:42  Roach x3  
  138  6:44  Roach  
  134  6:49  Roach x2  
  130  6:54  Roach x3  
  130  6:56  Roach  
  130  6:59  Roach  
  130  7:00  Roach  
  126  7:01  Roach  
  126  7:04  Roach  
  126  7:07  Roach  
Tags
 
Add a new tag
Caveats
  • Supply blocks, unpowered buildings, or Contaminate may cause inaccurate times.
  • Supply counts are checked every 10 seconds.